AoeStats
← HarrySzczypior

Arabia

503147133Analyzed
1v1 RM · 1mo ago on Aug 30, 2026· 27m 56s· 2 players
Game mode
Random Map
Map size
Tiny (2 player)
Population
200
Speed
Normal
Resources
Standard
Victory
Conquest
Starting age
Dark Age
Ending age
Imperial Age
RankedLock teamsTeams togetherTeam positionsShared explorationLock speedFull tech treeHidden civsTurbo modeCheats
Victory
Defeat
🇹🇷 Franks · Türkiye
970
+18
🇵🇱 Teutons · Poland
1003
-49
fr33
2:31 Loom
10:45 Feudal Age
11:55 Double-Bit Axe
18:27 Castle Age
17:17 Scale Barding Armor
17:44 Forging
17:53 Gold Mining
24:16 Husbandry
28:13 Wheelbarrow
28:46 Chain Barding Armor
29:02 Iron Casting
29:06 Gold Shaft Mining
HarrySzczypior
8:00 Loom
14:31 Feudal Age
14:56 Man-at-Arms
16:21 Wheelbarrow
15:32 Town Watch
18:26 Bloodlines
19:17 Forging
20:04 Scale Mail Armor
Connection lost

Rejoining the realm…

Still unreachable

The connection could not be restored.

Session expired

The server has moved on; the page needs a fresh start.